 Dungeon Crawl Stone Soup version 0.31-a0-83-gbff143cfd1 (webtiles) character file.

Game seed: 14869876546060918388

156150 juan097 the Severer (level 16, -10/149 HPs)
             Began as a Minotaur Fighter on May 24, 2023.
             Was the Champion of Cheibriados.
             Mangled by an alligator snapping turtle (32 damage)
             ... on level 1 of the Shoals.
             The game lasted 01:12:18 (28460 turns).

juan097 the Severer (Minotaur Fighter)             Turns: 28460, Time: 01:12:19

Health: -10/149    AC: 28    Str: 44      XL:     16   Next: 82%
Magic:  23/23      EV: 18    Int: 16 (20) God:    Cheibriados [******]
Gold:   1566       SH: 11    Dex: 22 (25) Spells: 13/15 levels left

rFire   . . .        a - +1 war axe (venom)
rCold   + . .        c - +0 buckler
rNeg    . . .        n - +2 chain mail {rC+}
rPois   +            Y - +2 hat
rElec   .            V - +2 cloak {Will+}
rCorr   .            u - +2 pair of gloves
SInv    .            G - +2 pair of boots
Will    ++...        I - amulet of reflection
Stlth   +            D - ring of flight
HPRegen 0.44/turn    r - ring of poison resistance
MPRegen 0.18/turn

%: reflection
@: flying, very slow
A: horns 2, retaliatory headbutt
}: 1/15 runes: gossamer
a: Renounce Religion, Bend Time, Temporal Distortion, Slouch, Step From Time


You were on level 1 of the Shoals.
You worshipped Cheibriados.
Cheibriados was exalted by your worship.
You visited 6 branches of the dungeon, and saw 23 of its levels.
You also visited: Gauntlet and Ice Cave.

You collected 2829 gold pieces.
You spent 1263 gold pieces at shops.

Inventory:

Hand Weapons
 a - a +1 war axe of venom (weapon)
 b - a +1 hand axe of flaming
 T - the +1 battleaxe "Loim Tih" {flame, +Blink rC++ Str-5 SInv}
   (You found it on level 4 of the Spider Nest)

   Str:       It affects your strength (-5).
   rC:        It greatly protects you from cold.
   SInv:      It lets you see invisible.
   +Blink:    It lets you blink.
Missiles
 l - 8 silver javelins
 o - 3 curare-tipped darts
 t - 4 throwing nets
 v - 8 javelins
 B - 11 boomerangs
 R - a silver boomerang (quivered)
Armour
 c - a +0 buckler (worn)
 e - the scarf "Vaopt" {rC+ rF+, rN++}
   (You found it in a Gauntlet)

   rN:        It greatly protects you from negative energy.
 n - a +2 chain mail of cold resistance (worn)
 u - a +2 pair of gloves (worn)
 G - a +2 pair of boots (worn)
 V - a +2 cloak of willpower (worn)
 Y - a +2 hat (worn)
Jewellery
 g - a ring of resist corrosion
 k - the ring "Lydeig" {rN+ Dex+2}
   (You found it in a Gauntlet)

   [ring of positive energy]

   Dex:       It affects your dexterity (+2).
   rN:        It protects you from negative energy.
 q - a +6 ring of strength
 r - a ring of poison resistance (right hand)
 D - a ring of flight (left hand)
 I - an amulet of reflection (around neck)
 X - a ring of protection from cold
Wands
 s - a wand of flame (17)
 L - a wand of roots (22)
 W - a wand of quicksilver (8)
Scrolls
 d - 4 scrolls of fear
 h - 5 scrolls of fog
 i - 3 scrolls of vulnerability
 j - 4 scrolls of enchant armour
 p - 6 scrolls of immolation
 x - a scroll of blinking
 y - 5 scrolls of poison
 z - 2 scrolls of silence
 A - 7 scrolls of teleportation
 C - 6 scrolls of identify
 J - 4 scrolls of magic mapping
Potions
 f - 4 potions of curing
 m - 2 potions of invisibility
 F - 2 potions of berserk rage
 H - 4 potions of attraction
 K - 3 potions of mutation
 M - 2 potions of enlightenment
 O - 2 potions of might
 P - 5 potions of ambrosia
 Q - 3 potions of heal wounds
 S - a potion of magic
 U - 2 potions of lignification
Miscellaneous
 E - a phial of floods
 Z - a tin of tremorstones (2/2)


   Skills:
 + Level 15.4 Fighting
 - Level 18.0 Axes
 - Level 8.0 Throwing
 + Level 15.3 Armour
 + Level 11.0 Dodging
 + Level 7.5 Stealth
 - Level 6.0 Shields
 + Level 11.5 Invocations
 + Level 7.6 Evocations


You had 13 spell levels left.
You knew the following spells:

 Your Spells              Type           Power      Damage    Failure   Level
a - Passwall              Tmut/Erth      0%         N/A       63%         2

Your spell library contained the following spells:

 Spells                   Type           Power      Damage    Failure   Level
 Foxfire                  Conj/Fire      0%         2x1d4     50%         1
 Sandblast                Erth           0%         2d4       50%         1
 Ensorcelled Hibernation  Hex/Ice        0%         N/A       63%         2
 Inner Flame              Hex/Fire       0%         N/A       86%         3
 Ozocubu's Armour         Ice            0%         N/A       86%         3
 Stone Arrow              Conj/Erth      0%         3d7       86%         3
 Swiftness                Air            0%         N/A       86%         3
 Anguish                  Hex/Necr       0%         N/A       99%         4
 Animate Armour           Summ/Erth      0%         N/A       99%         4
 Cause Fear               Hex            0%         N/A       99%         4
 Summon Lightning Spire   Summ/Air       0%         N/A       99%         4
 Metabolic Englaciation   Hex/Ice        0%         N/A       100%        5
 Yara's Violent Unravell  Hex/Tmut       0%         3d3       100%        5
 Simulacrum               Ice/Necr       0%         N/A       100%        6
 Enfeeble                 Hex            0%         N/A       100%        7
 Ozocubu's Refrigeration  Ice            0%         4d7       100%        7
 Storm Form               Tmut/Air       0%         N/A       100%        7
 Lehudib's Crystal Spear  Conj/Erth      0%         10d2      100%        8
 Maxwell's Capacitive Co  Air            0%         ∞         100%        8


Dungeon Overview and Level Annotations

Branches:
Dungeon (10/15)            Temple (1/1) D:6            Lair (5/5) D:9
 Shoals (1/4) Lair:2       Spider (4/4) Lair:2        Slime (0/5) Lair:4
    Orc (2/2) D:10            Elf (0/3) Orc:2         IceCv (visited)
Gauntlet (visited)

Altars:
Ashenzari
Cheibriados
Dithmenos
Elyvilon
Fedhas
Gozag
Hepliaklqana
Kikubaaqudgha
Makhleb
Nemelex Xobeh
Okawaru
Qazlal
Ru
Sif Muna
Trog
Uskayaw
Vehumet
Wu Jian
Xom
Yredelemnul
Zin
The Shining One

Shops:
D:2 *   D:3 [   D:6 *   D:10 (   Orc:2 ![:*

Annotations:
D:10 2 transporters, 3 runed translucent doors


Innate Abilities, Weirdness & Mutations

You have a pair of horns on your head.
You reflexively headbutt those who attack you in melee.


Message History

You are engulfed in a cloud of scalding steam.
You feel sick. The water elemental hits you.
The water elemental engulfs you in water!
You slice the water elemental!!
You destroy the water elemental!
Cheibriados appreciates the change of pace.
The water engulfing you falls away.
You gasp with relief as air once again reaches your lungs.
You are engulfed in a cloud of scalding steam.
You feel sick.
You are engulfed in a cloud of scalding steam.
You feel sick.
An alligator snapping turtle comes into view.
You are engulfed in a cloud of scalding steam.
You feel sick.
A water nymph comes into view.
You hear a splash.
A water elemental comes into view.
You feel sick.
You feel sick.
The alligator snapping turtle completely misses you.
A merfolk aquamancer comes into view. It is wielding a +0 rapier.
A wind drake comes into view.
The alligator snapping turtle bites you from afar!
You feel sick.
You are no longer poisoned.
A merfolk comes into view. It is wielding a +0 trident.
The wind drake flaps its wings at you. The air twists around and strikes you.
The wind drake flaps its wings at you. The air twists around and strikes you!
The wind drake flaps its wings at you. The air twists around and strikes you!
* * * LOW HITPOINT WARNING * * *
The alligator snapping turtle bites you from afar!
* * * LOW HITPOINT WARNING * * *
There is a staircase back to the Lair, spattered with blood here.
The merfolk shouts!
The alligator snapping turtle bites you from afar!!
You die...

~~~~≈≈≈~.#
.~~~~P~≈≈≈P.# ..~
.~~~~~~P≈~~.####.~.
..~~..~~~~~~P~.......
.......~~~~~~~~.....#
......P~~~~~~~~~>[..#
#....(~~..~~†~~~m..#
#..###......~~~~~.#
###^.......t.@.k.~~..
..........~.........~
...........m~~~......
.~....))~.~~~~~......
...~...[~~~~~~~...#..
.......~~~.......## .
...~~..~~.......^#
#.≈≈~~.~~..E.....#
#.≈≈~~..m..........


You could see an alligator snapping turtle, a wind drake (repels missiles), a
merfolk, a water elemental (wandering) and a water nymph.

Vanquished Creatures
  Jorgrun (Spider:1)
  The ghost of MrSquiggles the Brawler, an adept TrBe of Trog (Spider:4)
  5 emperor scorpions
  2 ghost moths (Spider:4)
  A reaper (IceCv)
  4 broodmothers
  The ghost of greasedhog the Grappler, a journeyman TrFi of Wu Jian (Orc:1)
  A minotaur (Gauntlet)
  2 spark wasps (Spider:2)
  Snorg (Lair:5)
  3 entropy weavers
  An ice dragon (Lair:5)
  3 hydras (Lair:4)
  Erolcha (Orc:2)
  A great orb of eyes (Gauntlet)
  2 radroaches
  A catoblepas (Gauntlet)
  4 jorogumos (Spider:4)
  3 boulder beetles
  A merfolk aquamancer (Shoals:1)
  A two-headed ogre (D:10)
  5 death yaks (Lair:5)
  3 orc high priests (Orc:2)
  Nergalle (Lair:2)
  3 pharaoh ants
  2 spectral ghost moths (Spider:4)
  2 skysharks
  A sun moth (Spider:4)
  Amaemon (D:8)
  15 orb spiders
  A necromancer (Spider:2)
  4 steelbarb worms
  A lindwurm (Lair:5)
  4 orc knights
  6 wolf spider zombies (Spider:2)
  An ugly thing (Gauntlet)
  Pikel (D:4)
  18 wolf spiders
  3 orc sorcerers (Orc:2)
  3 cyclopes
  A manticore (Shoals:1)
  5 moths of wrath
  20 elephants
  10 demonic crawlers
  3 black mambas
  An ice statue (IceCv)
  An orange demon (D:9)
  11 torpor snails
  2 emperor scorpion simulacra (Spider:4)
  Joseph (D:7)
  14 cane toads
  Maggie (D:7)
  A gargoyle (Gauntlet)
  7 rime drakes
  An efreet (Gauntlet)
  An unseen horror (D:10)
  9 redback zombies (Spider:2)
  10 komodo dragons
  An ice devil (IceCv)
  A freezing wraith (IceCv)
  2 merfolk (Shoals:1)
  12 hornets
  3 polar bears
  30 tarantellas
  4 tyrant leeches (Lair:5)
  14 blink frogs
  24 jumping spiders
  8 culicivora zombies (Spider:2)
  28 dream sheep
  2 tarantella zombies (Spider:2)
  22 culicivoras
  A vampire (D:10)
  18 yaks
  2 water elementals (Shoals:1)
  A shadow (D:7)
  A fire elemental (Gauntlet)
  4 wyverns
  39 redbacks
  2 basilisks
  4 death yak simulacra
  4 steam dragons
  6 vampire mosquitoes (Spider:4)
  8 wargs (Orc:1)
  A harpy simulacrum (IceCv)
  18 water moccasins
  2 hell hounds (Gauntlet)
  Duvessa (D:5)
  18 orc warriors
  A sky beast (D:7)
  3 ice beasts
  2 black bears
  3 wolves (Lair:5)
  11 ogres
  6 centaurs
  2 phantoms (D:6)
  A kobold brigand (D:8)
  13 bullfrogs
  2 gnoll sergeants
  2 two-headed ogre simulacra (IceCv)
  An entropy weaver simulacrum (Spider:4)
  A cane toad simulacrum (IceCv)
  Dowan (D:5)
  5 wights (D:9)
  5 elephant simulacra (IceCv)
  6 killer bees (D:9)
  3 howler monkeys
  A crimson imp (D:6)
  9 hounds
  18 orc priests
  4 iguanas
  16 orc wizards
  A sleepcap (D:6)
  Ijyb (D:4)
  6 troll simulacra (IceCv)
  2 polar bear simulacra (Lair:5)
  7 spriggan simulacra (IceCv)
  3 wolf simulacra
  32 gnolls
  7 adders
  5 naga simulacra (IceCv)
  A shadow imp (D:8)
  8 white imps
  5 ufetubi
  3 worms
  A dart slug (D:2)
  96 orcs
  6 ball pythons
  4 bats
  10 endoplasms
  3 giant cockroaches
  2 goblins
  10 hobgoblins
  10 jackals (D:5)
  2 frilled lizards
  10 kobolds
  4 rats
850 creatures vanquished.

Vanquished Creatures (collateral kills)
  An orc knight (Orc:2)
  An orc sorcerer (Orc:2)
  2 orc warriors (Orc:2)
  An orc wizard (Orc:2)
5 creatures vanquished.

Vanquished Creatures (others)
  An orc (D:7)
1 creature vanquished.

Grand Total: 856 creatures vanquished

Notes
Turn   | Place    | Note
-------+----------+-------------------------------------------
     0 | D:1      | juan097 the Minotaur Fighter began the quest for the Orb.
     0 | D:1      | Reached XP level 1. HP: 19/19 MP: 0/0
    61 | D:1      | Reached XP level 2. HP: 27/27 MP: 1/1
    91 | D:1      | Found a faded altar of an unknown god.
   100 | D:1      | Got Plato's Handbook of the Torch
   386 | D:1      | Reached skill level 1 in Dodging
   429 | D:1      | Reached skill level 3 in Axes
   774 | D:2      | Reached XP level 3. HP: 29/33 MP: 2/2
   831 | D:2      | Found Voolaf's General Store.
  1101 | D:2      | Reached XP level 4. HP: 40/40 MP: 3/3
  1690 | D:3      | Noticed an ogre
  1712 | D:3      | Killed an ogre
  1713 | D:3      | Reached skill level 4 in Axes
  1713 | D:3      | Reached XP level 5. HP: 29/47 MP: 4/4
  1996 | D:3      | You fall into a shaft and drop 1 floor!
  2185 | D:4      | Found a radiant altar of Vehumet.
  2244 | D:4      | Noticed Ijyb
  2251 | D:4      | Killed Ijyb
  2252 | D:4      | Reached XP level 6. HP: 43/53 MP: 5/5
  2408 | D:4      | Noticed Pikel
  2416 | D:4      | Killed Pikel
  2417 | D:4      | Reached skill level 5 in Fighting
  2417 | D:4      | Reached skill level 6 in Axes
  2417 | D:4      | Reached skill level 5 in Armour
  2417 | D:4      | Reached skill level 5 in Shields
  2417 | D:4      | Reached XP level 7. HP: 26/61 MP: 6/6
  2622 | D:4      | Found a shadowy altar of Dithmenos.
  2962 | D:2      | Bought a +2 pair of gloves for 231 gold pieces
  3046 | D:3      | Found Uvoall's Armour Boutique.
  3467 | D:5      | Entered Level 5 of the Dungeon
  3535 | D:5      | Reached XP level 8. HP: 45/70 MP: 7/7
  3587 | D:5      | Reached skill level 7 in Axes
  3744 | D:5      | Noticed Duvessa
  3757 | D:5      | Killed Duvessa
  3765 | D:5      | Noticed Dowan
  3773 | D:5      | Killed Dowan
  4068 | D:5      | Reached skill level 8 in Axes
  4470 | D:5      | Reached skill level 5 in Dodging
  4975 | D:5      | Reached XP level 9. HP: 74/78 MP: 8/8
  5021 | D:5      | Reached skill level 9 in Axes
  5442 | D:5      | Identified the +2 cloak "Enonwaga" {Dex+3}
  5834 | D:6      | Reached skill level 10 in Axes
  5994 | D:6      | Found Zireik's General Store.
  5997 | D:6      | Bought a scroll of noise for 15 gold pieces
  5997 | D:6      | Bought a potion of berserk rage for 75 gold pieces
  6577 | D:6      | Found a staircase to the Ecumenical Temple.
  6645 | Temple   | Entered the Ecumenical Temple
  6978 | D:7      | Reached skill level 11 in Axes
  6986 | D:7      | Reached XP level 10. HP: 76/90 MP: 9/9
  7307 | D:7      | Noticed Maggie
  7324 | D:7      | Killed Maggie
  7805 | D:7      | Found a snail-covered altar of Cheibriados.
  7818 | D:7      | Became a worshipper of Cheibriados the Contemplative
  7883 | D:7      | Noticed Joseph
  7895 | D:7      | Killed Joseph
  8223 | D:8      | Reached skill level 12 in Axes
  8473 | D:8      | Found a hazy altar of Hepliaklqana.
  8485 | D:8      | Reached * piety under Cheibriados
  8738 | D:8      | Reached skill level 1 in Invocations
  8865 | D:8      | Found a sparkling altar of Nemelex Xobeh.
  8865 | D:8      | Found a sacrificial altar of Ru.
  9365 | D:9      | Noticed Amaemon
  9370 | D:9      | Reached ** piety under Cheibriados
  9371 | D:9      | Noticed an orange demon
  9388 | D:8      | Killed Amaemon
  9389 | D:8      | Reached skill level 13 in Axes
  9406 | D:9      | Killed an orange demon
  9407 | D:9      | Reached XP level 11. HP: 55/99 MP: 11/11
  9644 | D:9      | Found a staircase to the Lair.
  9669 | D:9      | Reached skill level 10 in Fighting
  9953 | D:10     | Entered Level 10 of the Dungeon
  9963 | D:10     | Found Kuarphus's Antique Weapon Boutique.
 10011 | D:10     | Reached skill level 10 in Armour
 10027 | D:10     | Noticed a two-headed ogre
 10037 | D:10     | Killed a two-headed ogre
 10232 | D:10     | Found a transporter.
 10264 | D:10     | Found a transporter.
 10280 | D:10     | Found a shimmering blue altar of Sif Muna.
 10381 | D:10     | Found a runed translucent gate.
 10381 | D:10     | Found a runed translucent gate.
 10381 | D:10     | Found a runed translucent gate.
 10381 | D:10     | Noticed a brown ugly thing
 10382 | D:10     | Noticed a purple ugly thing
 10382 | D:10     | Noticed a cyan ugly thing
 10382 | D:10     | Noticed a green ugly thing
 10382 | D:10     | Noticed a glowing orange brain
 10382 | D:10     | Noticed a purple ugly thing
 10521 | D:10     | Found a staircase to the Orcish Mines.
 10551 | D:10     | Found a bloodstained altar of Trog.
 10596 | D:10     | Reached *** piety under Cheibriados
 10910 | Orc:1    | Entered Level 1 of the Orcish Mines
 11118 | Orc:1    | Found a transporter.
 11212 | Orc:1    | Found a transporter.
 11393 | Orc:1    | Noticed an orc knight
 11410 | Orc:1    | Killed an orc knight
 11411 | Orc:1    | Reached skill level 14 in Axes
 11516 | Orc:1    | Noticed greasedhog's ghost (journeyman TrFi)
 11624 | Orc:2    | Entered Level 2 of the Orcish Mines
 11774 | Orc:2    | Noticed Erolcha
 11858 | Orc:2    | Found a staircase to the Elven Halls.
 11873 | Orc:2    | Killed Erolcha
 11899 | Orc:2    | Reached **** piety under Cheibriados
 12275 | Orc:2    | Noticed an orc sorcerer
 12284 | Orc:2    | Killed an orc sorcerer
 12286 | Orc:2    | Noticed an orc knight
 12287 | Orc:2    | Noticed an orc high priest
 12287 | Orc:2    | Noticed an orc sorcerer
 12290 | Orc:2    | Noticed a sixfirhy
 12290 | Orc:2    | Killed an orc knight
 12296 | Orc:2    | Noticed an orc sorcerer
 12303 | Orc:2    | Killed an orc sorcerer
 12303 | Orc:2    | Noticed an orc high priest
 12304 | Orc:2    | Reached skill level 5 in Invocations
 12310 | Orc:2    | Killed an orc sorcerer
 12311 | Orc:2    | Reached XP level 12. HP: 69/110 MP: 14/14
 12315 | Orc:2    | Killed an orc high priest
 12315 | Orc:2    | Killed an orc high priest
 12315 | Orc:2    | Reached ***** piety under Cheibriados
 12316 | Orc:2    | Reached skill level 15 in Axes
 12317 | Orc:2    | Noticed an orc high priest
 12330 | Orc:2    | Killed an orc high priest
 12674 | Orc:2    | Found Waotzuy's Assorted Antiques.
 12679 | Orc:2    | Found Pettup's Antique Armour Shop.
 12683 | Orc:2    | Bought a bubbling yellow potion for 21 gold pieces
 12683 | Orc:2    | Bought a scroll labelled JULITA JIWKICLO for 24 gold pieces
 12683 | Orc:2    | Bought a scroll labelled QYIL LUM XACK for 24 gold pieces
 12683 | Orc:2    | Bought a scroll labelled QYIL LUM XACK for 24 gold pieces
 12686 | Orc:2    | Found Buvec's Distillery.
 12688 | Orc:2    | Found Rohi's Book Emporium.
 12694 | Orc:2    | Bought a potion of heal wounds for 85 gold pieces
 13095 | D:2      | Bought a scroll of teleportation for 42 gold pieces
 13314 | Orc:2    | Bought a potion of attraction for 51 gold pieces
 13314 | Orc:2    | Bought a potion of lignification for 51 gold pieces
 13314 | Orc:2    | Bought a potion of heal wounds for 85 gold pieces
 13322 | Orc:2    | Bought a pair of glowing gloves for 277 gold pieces
 13523 | D:3      | Bought a +2 cloak of willpower for 258 gold pieces
 13660 | Lair:1   | Entered Level 1 of the Lair of Beasts
 13718 | Lair:1   | Reached skill level 16 in Axes
 14026 | Lair:1   | Found a gate leading to a gauntlet.
 14039 | Gauntlet | Entered a Gauntlet
 14039 | Gauntlet | Noticed a catoblepas
 14039 | Gauntlet | Found a transporter.
 14039 | Gauntlet | Found a transporter.
 14039 | Gauntlet | Found a transporter.
 14039 | Gauntlet | Found a transporter.
 14059 | Gauntlet | Found a transporter.
 14069 | Gauntlet | Found a transporter.
 14073 | Gauntlet | Found a transporter.
 14076 | Gauntlet | Noticed a great orb of eyes
 14085 | Gauntlet | Found a transporter.
 14101 | Gauntlet | Noticed an entropy weaver
 14105 | Gauntlet | Found a transporter.
 14122 | Gauntlet | Found a transporter.
 14126 | Gauntlet | Found a transporter.
 14126 | Gauntlet | Noticed a hell beast
 14136 | Gauntlet | Found a transporter.
 14238 | Gauntlet | Killed a catoblepas
 14383 | Gauntlet | Reached skill level 1 in Throwing
 14383 | Gauntlet | Reached skill level 1 in Evocations
 14395 | Gauntlet | Identified the scarf "Vaopt" {rC+ rF+, rN++}
 14457 | Gauntlet | Reached skill level 1 in Stealth
 14461 | Gauntlet | Killed a great orb of eyes
 14462 | Gauntlet | Reached XP level 13. HP: 55/118 MP: 12/18
 14466 | Gauntlet | Identified the ring "Lydeig" {rN+ Dex+2}
 14622 | Gauntlet | Identified the +4 orcbow of Vesi {speed, MP+9 SInv}
 14622 | Gauntlet | Identified the +4 ice dragon scales "Akyzxuf" {Contam Harm
                  | rF- rC++ rN++ Dex+2}
 14622 | Gauntlet | Identified the ring "Datiov" {rN+ Str-5 Int+2 Slay+4}
 14622 | Gauntlet | Noticed a minotaur
 14634 | Gauntlet | Killed a minotaur
 14734 | Gauntlet | Identified the +1 cloak "Roveko" {*Corrode rN+ Str+7}
 14998 | Lair:1   | Learned a level 2 spell: Passwall
 15061 | Lair:1   | Found the +4 skin of Zhor {*Englaciate rC+++ SInv}
 15375 | Lair:2   | Identified the +0 pair of gloves of Pan-Flutes {Harm}
 15444 | Lair:2   | Identified the +8 spear of Oveczag {antimagic, rC+ Int+3
                  | Dex-4}
 15569 | Lair:2   | Noticed Nergalle
 15578 | Lair:2   | Killed Nergalle
 15712 | Lair:2   | Found a hole to the Spider Nest.
 15974 | Lair:2   | Found a staircase to the Shoals.
 15977 | Lair:2   | Reached ****** piety under Cheibriados
 16449 | Lair:3   | Identified the +8 morningstar "Tahun" {holy, Will- Str+3}
 17462 | Lair:4   | Reached XP level 14. HP: 129/129 MP: 19/19
 17509 | Lair:4   | Found a staircase to the Slime Pits.
 17620 | Lair:4   | Identified the +0 plate armour of the Worm {rElec rF-
                  | rCorr}
 17832 | Lair:4   | Found the +8 whip "Snakebite" {venom, curare, rPois}
 18036 | Lair:5   | Entered Level 5 of the Lair of Beasts
 18108 | Lair:5   | Noticed Snorg
 18132 | Lair:5   | Killed Snorg
 18140 | Lair:5   | Found a frozen archway.
 18273 | IceCv    | Entered an ice cave
 18642 | IceCv    | Noticed a reaper
 18659 | IceCv    | Killed a reaper
 18866 | IceCv    | Identified the +0 war axe "Wuts" {protect, Will+ Dex+3}
 19220 | Lair:5   | Reached skill level 5 in Throwing
 19238 | Lair:5   | Reached skill level 17 in Axes
 20098 | Lair:5   | Found a runed translucent door.
 20327 | Lair:5   | Paralysed by a hornet for 3 turns
 20930 | Orc:1    | Killed greasedhog's ghost
 20931 | Orc:1    | Reached skill level 5 in Evocations
 21134 | Spider:1 | Entered Level 1 of the Spider Nest
 21234 | Spider:1 | Noticed an emperor scorpion
 21265 | Spider:1 | Killed an emperor scorpion
 21266 | Spider:1 | Reached skill level 5 in Stealth
 21266 | Spider:1 | Reached XP level 15. HP: 57/137 MP: 16/21
 21566 | Spider:1 | Reached skill level 10 in Invocations
 21693 | Spider:1 | Noticed Jorgrun
 21767 | Spider:1 | Killed Jorgrun
 21770 | Spider:1 | Noticed an emperor scorpion
 21781 | Spider:1 | Killed an emperor scorpion
 24552 | Spider:2 | Reached XP level 16. HP: 141/147 MP: 23/23
 24660 | Spider:2 | Reached skill level 18 in Axes
 24764 | Spider:4 | Entered Level 4 of the Spider Nest
 24764 | Spider:4 | Noticed MrSquiggles's ghost (adept TrBe)
 24764 | Spider:4 | Found a transporter.
 24797 | Spider:4 | Reached skill level 10 in Dodging
 25354 | Spider:4 | Found a transporter.
 26187 | Spider:4 | Reached skill level 15 in Fighting
 26376 | Spider:4 | Paralysed by a jorogumo for 3 turns
 26391 | Spider:4 | Reached skill level 15 in Armour
 27970 | Spider:4 | Got a gossamer rune of Zot
 28092 | Spider:4 | Killed MrSquiggles's ghost
 28268 | Spider:4 | Identified the +1 battleaxe "Loim Tih" {flame, +Blink rC++
                  | Str-5 SInv}
 28407 | Shoals:1 | Entered Level 1 of the Shoals
 28460 | Shoals:1 | Mangled by an alligator snapping turtle

Illustrated notes

Levels and vault maps discovered:
D:1:      lightli_iron_boxes, layout_rooms, serial_corexii_hall,
          chequers_hall_statues_corner_a, chequers_hall_statues_y,
          corexii_hall_statues_i, corexii_hall_statues_l,
          shapermc_ecumenical_altar_rom_forum
D:2:      layout_loops_cross, serial_shops, shop
D:3:      layout_loops_cross, serial_shops, shop
D:4:      layout_loops_cross, fiery_altar_vehumet,
          grunt_dithmenos_smoke_and_mirrors, minmay_small_thing, uniq_ijyb,
          uniq_pikel
D:5:      lemuel_castle_with_subvaults [lemuel_castle_interior_carwin_1],
          layout_cave_pools, chequers_decorated_corner, grunt_ministairs_11,
          uniq_duvessa
D:6:      layout_loops_corners, minmay_temple_entry_nine_rooms, serial_shops,
          nicolae_shop_tiny_real_fake_doors, minmay_fire_ice_demons
D:7:      layout_loops_cross, slow_altar_1, uniq_joseph, uniq_maggie
D:8:      nicolae_cairo_tiling_large_dashed, layout_basic,
          gammafunk_temple_overflow_elements, kennysheep_mini
D:9:      layout_cave_pools, dpeg_oklobed_lair, uniq_amaemon
D:10:     layout_roguey, gammafunk_temple_overflow_arena,
          mainiacjoe_overflow_alcove_4, minmay_orc_entry_temple_small,
          serial_shops, nicolae_shop_window_shopping,
          ploomutoo_gammafunk_ghost_potion_laboratory, serial_bayou_crossing
Temple:   compressed_dpeg_circular_temple
Lair:1:   layout_roguey, gauntlet_entry_generic, hellmonk_guarded_unrand_zhor,
          serial_bayou_shore_b
Lair:2:   layout_hall_layers, minmay_shoals_entry_centaurs,
          hellmonk_spider_entry_life_and_decay, infiniplex_staircase_pool,
          grunt_megastairs_5, serial_bayou_shore_b, lemuel_fruit_fields,
          uniq_nergalle
Lair:3:   layout_misc_corridors
Lair:4:   minmay_guarded_unrand_snakebite, layout_layer_cave,
          dpeg_slime_entry_corner, serial_bayou_shore_b
Lair:5:   wormcave, layout_cave_pods, portal_ice_cave_entry_ice_simulacra,
          nicolae_volcano_entry_s_turn, lemuel_fruit_fields, uniq_snorg
Shoals:1: nicolae_shoals_offshore_bank_account, layout_shoals
Spider:1: layout_spider_delve, hangedman_spider_tarantella_strand, uniq_jorgrun
Spider:2: lemuel_spider_zombies
Spider:3: layout_cave_pods
Spider:4: spider_rune_water, gammafunk_ghost_mausoleum
Orc:1:    layout_diamond_mine, gammafunk_ghost_berserking_beasts
Orc:2:    st_orc_elflike, layout_diamond_mine, uniq_erolcha

Skill      XL: |  1  2  3  4  5  6  7  8  9 10 11 12 13 14 15 16 |
---------------+-------------------------------------------------+-----
Dodging        | 1 2 3 5 6 7 8 9 11 | 11.0
Axes           | 3 4 6 8 11 13 14 16 17 18 | 18.0
Armour         | 4 5 6 8 9 11 12 13 14 15 | 15.3
Fighting       | 4 5 6 8 9 11 12 13 14 15 | 15.4
Shields        | 4 5 6 |  6.0
Invocations    | 2 5 8 9 10 11 | 11.5
Throwing       | 1 4 5 7 8 |  8.0
Evocations     | 1 3 5 6 7 |  7.6
Stealth        | 1 3 5 6 7 |  7.5

Action                     |  1- 3 |  4- 6 |  7- 9 | 10-12 | 13-15 | 16-18 || total
---------------------------+-------+-------+-------+-------+-------+-------++-------
  Melee: War axe           |    79 |    91 |   195 |   467 |   743 |   355 ||  1930
         Headbutt          |     7 |    18 |    53 |   122 |   275 |   117 ||   592
         Hand axe          |       |       |   100 |    20 |   176 |       ||   296
  Throw: Dart              |       |     1 |    13 |     4 |   103 |    99 ||   220
         Throwing net      |       |       |       |     5 |       |       ||     5
         Boomerang         |       |       |       |       |    37 |     1 ||    38
         Javelin           |       |       |       |       |       |     1 ||     1
 Invoke: Slouch            |       |       |       |     1 |     7 |       ||     8
  Evoke: Wand              |       |       |       |       |     1 |       ||     1
         Phial of floods   |       |       |       |       |     1 |       ||     1
    Use: Potion            |       |     1 |     3 |     2 |     5 |     4 ||    15
         Scroll            |       |       |       |    14 |     6 |     2 ||    22
   Stab: Invisible         |       |       |     4 |       |     2 |       ||     6
         Held in net/web   |       |       |       |     1 |     2 |       ||     3
         Fleeing           |       |       |       |     1 |       |       ||     1
         Sleeping          |       |       |       |       |     4 |       ||     4
 Armour: Scale mail        |    43 |    27 |    99 |     9 |       |       ||   178
         Swamp dragon scal |       |       |       |   162 |    99 |       ||   261
         Chain mail        |       |       |       |     4 |   217 |   195 ||   416
  Dodge: Dodged            |    47 |    32 |   175 |   235 |   505 |   286 ||  1280
  Block: Buckler           |    19 |    15 |    80 |   114 |   341 |   236 ||   805
         Reflection        |       |       |       |       |       |     3 ||     3

Table legend: (Time is in decaauts)
 A = Elapsed time spent in this place.
 B = Non-inter-level travel time spent in this place.
 C = Inter-level travel time spent in this place.
 D = Time resting spent in this place.
 E = Time spent auto-exploring this place.
 F = Levels seen in this place.
 G = Mean time per level.
                   A        B        C        D        E       F      G
               +--------+--------+--------+--------+--------+-----+--------+
         Total |  37484 |  33066 |   4418 |   1035 |  25412 |  25 | 1499.4 |
       Dungeon |  12830 |  10963 |   1867 |    155 |   8824 |  10 | 1283.0 |
        Temple |    196 |    106 |     90 |      0 |     87 |   1 |  196.0 |
          Lair |   9148 |   8359 |    789 |    127 |   6699 |   5 | 1829.6 |
        Shoals |     70 |     70 |      0 |      0 |     20 |   1 |   70.0 |
   Spider Nest |   9662 |   8726 |    936 |    322 |   6638 |   4 | 2415.5 |
  Orcish Mines |   3378 |   2643 |    735 |    260 |   1754 |   2 | 1689.0 |
      Ice Cave |   1231 |   1231 |      0 |      0 |    885 |   1 | 1231.0 |
      Gauntlet |    966 |    966 |      0 |    170 |    503 |   1 |  966.0 |
               +--------+--------+--------+--------+--------+-----+--------+

Top non-repeatable levels by time:
Spider:4: 3984 daAuts
  Lair:5: 2745 daAuts
Spider:1: 2222 daAuts
     D:5: 2073 daAuts
  Lair:4: 1984 daAuts
  Lair:2: 1954 daAuts
Spider:2: 1794 daAuts
   Orc:2: 1794 daAuts
Spider:3: 1661 daAuts
   Orc:1: 1584 daAuts
     D:6: 1509 daAuts
  Lair:1: 1469 daAuts
     D:4: 1448 daAuts
    D:10: 1382 daAuts
     D:9: 1329 daAuts
